 Dungeon Crawl Stone Soup version 0.28-a0-1292-gb4563b2 (webtiles) character file.

Game seed: 8948510305177562330

28 Remcycle the Poker (level 3, 0/27 HPs)
             Began as a Merfolk Gladiator on Dec 27, 2021.
             Slain by Sigmund (10 damage)
             ... on level 2 of the Dungeon.
             The game lasted 00:01:57 (1105 turns).

Remcycle the Poker (Merfolk Gladiator)              Turns: 1105, Time: 00:01:58

Health: 0/27       AC:  4    Str: 16    XL:     3   Next: 14%
Magic:  3/3        EV: 13    Int:  7    God:
Gold:   67         SH:  0    Dex: 15    Spells: 2/2 levels left

rFire   . . .      SeeInvis .   a - +0 trident
rCold   . . .      Faith    .   (no shield)
rNeg    . . .      Spirit   .   b - +0 leather armour
rPois   .          Reflect  .   c - +0 helmet
rElec   .          Harm     .   (no cloak)
rCorr   .          Rampage  .   (no gloves)
Will    .....                   (no boots)
Stlth   +.........              (no amulet)
HPRegen 0.09/turn               (no ring)
MPRegen 0.08/turn               (no ring)

@: confused
A: (nimble swimmer 2), mertail
a: no special abilities


You were on level 2 of the Dungeon.
You visited 1 branch of the dungeon, and saw 2 of its levels.

You collected 67 gold pieces.

Inventory:

Hand Weapons
 a - a +0 trident (weapon)
Missiles
 d - 3 throwing nets (quivered)
Armour
 b - a +0 leather armour (worn)
 c - a +0 helmet (worn)
Jewellery
 f - an amulet of magic regeneration
 i - a ring of magical power
Scrolls
 e - a scroll of identify {unknown}
 g - a scroll of noise {unknown}
 h - 2 scrolls of enchant weapon {unknown}
Potions
 k - a potion of curing {unknown}


   Skills:
 - Level 2.1 Fighting
 + Level 6.1 Polearms
 - Level 2.0 Throwing
 - Level 4.0 Dodging


You had 2 spell levels left.
You didn't know any spells.
Your spell library contained the following spells:

 Spells                   Type           Power      Damage    Failure   Level
 Chain Lightning          Conj/Air       0%         N/A       100%        9
 Fire Storm               Conj/Fire      0%         5d1       100%        9
 Shatter                  Erth           0%         3d5*      100%        9


Dungeon Overview and Level Annotations

Branches:
Dungeon (2/15)

Altars:

Annotations:
D:2 Sigmund


Innate Abilities, Weirdness & Mutations

((You are very nimble when in or above water. (Stealth+, EV+, Speed+++)))
Your lower body shifts to a powerful aquatic tail in water.


Message History

You reach to attack!
You barely miss Sigmund.
Sigmund points at you and mumbles some strange words.
The magic dart hits you.
Reach: a) +0 trident
Press: ? - help, Dir - move target, f/p - Sigmund
Aim: Sigmund, wielding a +0 scythe and wearing a +0 robe (about 42% to evade your +0 trident)
You reach to attack!
You closely miss Sigmund. Sigmund hits you but does no damage.
Reach: a) +0 trident
Press: ? - help, Dir - move target, f/p - Sigmund
Aim: Sigmund, wielding a +0 scythe and wearing a +0 robe (about 42% to evade your +0 trident)
You reach to attack!
You puncture Sigmund!
Sigmund is moderately wounded.
Reach: a) +0 trident
Press: ? - help, Dir - move target, f/p - Sigmund
Aim: Sigmund, wielding a +0 scythe and wearing a +0 robe (moderately wounded, about 42% to evade your +0 trident)
You reach to attack!
You puncture Sigmund!
Sigmund is heavily wounded.
Sigmund completely misses you.
Reach: a) +0 trident
Press: ? - help, Dir - move target, f/p - Sigmund
Aim: Sigmund, wielding a +0 scythe and wearing a +0 robe (heavily wounded, about 42% to evade your +0 trident)
You reach to attack!
You hit Sigmund.
Sigmund is severely wounded.
Reach: a) +0 trident
Press: ? - help, Dir - move target, f/p - Sigmund
Aim: Sigmund, wielding a +0 scythe and wearing a +0 robe (severely wounded, about 42% to evade your +0 trident)
You reach to attack!
You completely miss Sigmund.
Sigmund is severely wounded.
Sigmund points at you and mumbles some strange words.
You are confused.
Sigmund closely misses you.
Things that are here:
a +0 dagger; 3 stones You miss Sigmund.
Sigmund is severely wounded.
Sigmund points at you and mumbles some strange words.
The magic dart hits you!
Sigmund hits you from afar with a +0 scythe!
You die...

######## #......#
#@# #.# #)# #.#
#####
..####@####.#
#....
#.........#.#
#.###
...####.#....# #.#
#......#######.###
#.................
####.#########....
#.# #####.


You could see Sigmund.

Vanquished Creatures
  A dart slug (D:1)
  2 endoplasms
  4 goblins (D:1)
  2 hobgoblins (D:1)
  2 jackals (D:1)
  2 ball pythons (D:1)
  3 bats
  2 kobolds
  8 rats (D:1)
26 creatures vanquished.

Notes
Turn   | Place    | Note
-------+----------+-------------------------------------------
     0 | D:1      | Remcycle the Merfolk Gladiator began the quest for the Orb.
     0 | D:1      | Reached XP level 1. HP: 16/16 MP: 1/1
   113 | D:1      | Reached skill level 5 in Polearms
   118 | D:1      | Reached XP level 2. HP: 12/22 MP: 2/2
   985 | D:1      | Reached skill level 6 in Polearms
   985 | D:1      | Reached XP level 3. HP: 27/27 MP: 3/3
   988 | D:1      | Found a faded altar of an unknown god.
  1080 | D:2      | Noticed Sigmund
  1105 | D:2      | Slain by Sigmund

Illustrated notes

Levels and vault maps discovered:
D:1:      roderic_dead_forest, layout_basic, ebering_ecumenical_altar_mist,
          minmay_pentomino_p2
D:2:      layout_loops_corners, minmay_bisected, uniq_sigmund

Skill      XL: |  1  2 |
---------------+-------+-----
Polearms       | 5 6 |  6.1
Fighting       | |  2.1
Throwing       | |  2.0
Dodging        | |  4.0

Action                   || total
-------------------------++-------
Melee: Trident           ||   103
  Use: Potion            ||     1
Armor: Leather armour    ||    29
Dodge: Dodged            ||    69

Table legend: (Time is in decaauts)
 A = Elapsed time spent in this place.
 B = Non-inter-level travel time spent in this place.
 C = Inter-level travel time spent in this place.
 D = Time resting spent in this place.
 E = Time spent auto-exploring this place.
 F = Levels seen in this place.
 G = Mean time per level.
                   A        B        C        D        E       F      G
               +--------+--------+--------+--------+--------+-----+--------+
         Total |   1107 |   1066 |     41 |      0 |    879 |   2 |  553.5 |
       Dungeon |   1107 |   1066 |     41 |      0 |    879 |   2 |  553.5 |
               +--------+--------+--------+--------+--------+-----+--------+

Top non-repeatable levels by time:
     D:1: 1025 daAuts
     D:2: 82 daAuts
